 Dungeon Crawl Stone Soup version 0.25.0-46-gbd7b0854d2 (webtiles) character file.

Game seed: 12151621182732039695

31 Ethylacetat the Poker (level 3, -1/28 HPs)
             Began as a Demonspawn Gladiator on July 15, 2020.
             Slain by Sigmund
             ... wielding a +0 scythe
              (12 damage)
             ... on level 2 of the Dungeon.
             The game lasted 00:01:31 (1021 turns).

Ethylacetat the Poker (Demonspawn Gladiator)        Turns: 1021, Time: 00:01:32

Health: -1/28      AC:  4    Str: 15    XL:     3   Next: 7%
Magic:  3/3        EV: 12    Int:  9    God:
Gold:   88         SH:  0    Dex: 14    Spells: 2/2 levels left

rFire    . . .     SeeInvis .   a - +0 trident
rCold    . . .     Gourm    .   (no shield)
rNeg     . . .     Faith    .   b - +0 leather armour
rPois    .         Spirit   .   c - +0 helmet
rElec    .         Reflect  .   (no cloak)
rCorr    .         Harm     .   (no gloves)
MR       .....                  (no boots)
Stlth    +.........             (no amulet)
HPRegen  0.09/turn              (no ring)
MPRegen  0.08/turn              (no ring)

@: no status effects
A: claws 1, spiny 1
a: no special abilities


You were on level 2 of the Dungeon.
You were not hungry.

You visited 1 branch of the dungeon, and saw 2 of its levels.

You collected 88 gold pieces.

Inventory:

Hand Weapons
 a - a +0 trident (weapon)
Missiles
 d - 3 throwing nets (quivered)
Armour
 b - a +0 leather armour (worn)
 c - a +0 helmet (worn)
Jewellery
 h - an uncursed ring of magical power {unknown}
Scrolls
 i - a scroll of random uselessness {unknown}
 j - 2 scrolls of identify {unknown}
 l - a scroll of magic mapping {unknown}
Potions
 e - a potion of flight {unknown}
 k - a potion of might {unknown}
 m - a potion of curing {unknown}
Comestibles
 f - a ration
 g - 2 chunks of flesh


   Skills:
 + Level 2.5 Fighting
 * Level 3.5 Polearms
 - Level 1.7 Throwing
 - Level 2.6 Dodging


You had 2 spell levels left.
You didn't know any spells.
Your spell library was empty.

Dungeon Overview and Level Annotations

Branches:
Dungeon (2/15)

Altars:

Annotations:
D:2 Sigmund


Innate Abilities, Weirdness & Mutations

You have sharp fingernails.
You are partially covered in sharp spines.


Message History

Sigmund flickers and vanishes!
Deactivating autopickup; reactivate with Ctrl-A.
Evoke which item? (* to show all) (? for menu, Esc to quit)
Okay, then.
Attack whom?
Press: ? - help, Dir - move target cursor, f - you That would be overly suicidal.
Okay, then.
Attack whom?
Press: ? - help, Dir - move target cursor You reach to attack!
You hit something.
You hear some strange, mumbled words.
Something tries to affect you, but you resist.
Attack whom?
Press: ? - help, Dir - move target cursor You reach to attack!
You hit something. Something hits you.
Attack whom?
Press: ? - help, Dir - move target cursor You reach to attack!
You closely miss something. Something hits you!
You die...

#.# #.# .##### #.#
...... #.# ##### #!#
#.#######.#
##.........#
#########...##.#######
.....{.@..#..........#
#########...##..####.#
##.####.# #.# #.# #.#
#.### #.< ..# #....
#..# #.# ####. #..#
#.# #. #. #.#######.
#. #.#.....#.


There were no monsters in sight!

Vanquished Creatures
  A dart slug (D:2)
  A leopard gecko (D:1)
  4 giant cockroaches
  4 goblins (D:1)
  4 hobgoblins (D:1)
  5 bats (D:1)
  2 kobolds (D:1)
  4 rats (D:1)
25 creatures vanquished.

Notes
Turn   | Place    | Note
-------+----------+-------------------------------------------
     0 | D:1      | Ethylacetat the Demonspawn Gladiator began the quest for
                  | the Orb.
     0 | D:1      | Reached XP level 1. HP: 16/16 MP: 1/1
   150 | D:1      | Reached skill level 3 in Polearms
   153 | D:1      | Gained mutation: You have sharp fingernails. [demonic
                  | ancestry]
   153 | D:1      | Reached XP level 2. HP: 16/22 MP: 2/2
   922 | D:2      | Gained mutation: You are partially covered in sharp spines.
                  | [demonic ancestry]
   922 | D:2      | Reached XP level 3. HP: 28/28 MP: 3/3
  1009 | D:2      | Noticed Sigmund
  1021 | D:2      | Slain by Sigmund

Illustrated notes

Levels and vault maps discovered:
D:1:      evilmike_arrival_fibonacci_small, layout_loops_ring,
          chequers_serial_rivers_small_a
D:2:      layout_loops_ring, minmay_diced_spiral, uniq_terence, uniq_sigmund

Skill      XL: |  1 |
---------------+----+-----
Polearms       | 3 |  3.5
Fighting       | |  2.5
Throwing       | |  1.7
Dodging        | |  2.6

Action                   || total
-------------------------++-------
Melee: Trident           ||    92
Armor: Leather armour    ||    16
Dodge: Dodged            ||    49
